 Dungeon Crawl Stone Soup version 0.28-a0-1412-gf95308ed99 (webtiles) character file.

Game seed: 9994613870613216056

28 kae the Changer (level 3, -9/28 HPs)
             Began as a Draconian Transmuter on Jan 6, 2022.
             Engulfed by a cloud of flame (23 damage)
             ... on level 1 of the Dungeon.
             The game lasted 00:00:26 (705 turns).

kae the Changer (Draconian Transmuter)               Turns: 705, Time: 00:00:27

Health: -9/28      AC:  5    Str: 12    XL:     3   Next: 0%
Magic:  5/6        EV: 12    Int: 15    God:
Gold:   23         SH:  0    Dex: 11    Spells: 2/6 levels left

rFire   . . .      SeeInvis .     - Unarmed
rCold   . . .      Faith    .   (no shield)
rNeg    . . .      Spirit   .   (armour unavailable)
rPois   .          Reflect  .   (helmet currently unavailable)
rElec   .          Harm     .   (no cloak)
rCorr   .          Rampage  .   (no gloves)
Will    .....                   (boots currently unavailable)
Stlth   +.........              (no amulet)
HPRegen 0.09/turn               (no ring)
MPRegen 0.10/turn               (no ring)

@: appendages
A: horns 2, talons 2, AC +5, unfitting armour, cold-blooded
a: End Transformation


You were on level 1 of the Dungeon.
You had temporarily grown beastly horns and talons.
You visited 1 branch of the dungeon, and saw 1 of its levels.

You collected 23 gold pieces.

You aren't carrying anything.


   Skills:
 - Level 1.1 Fighting
 - Level 1.7 Dodging
 - Level 3.0 Unarmed Combat
 + Level 2.4 Spellcasting
 * Level 3.1 Transmutations


You had 2 spell levels left.
You knew the following spells:

 Your Spells              Type           Power      Damage    Failure   Level
a - Beastly Appendage     Tmut           22%        N/A       6%          1
b - Spider Form           Tmut/Pois      6%         N/A       32%         3

Your spell library contained the following spells:

 Spells                   Type           Power      Damage    Failure   Level
 Wereblood                Tmut           11%        N/A       9%          2
 Ice Form                 Ice/Tmut       6%         N/A       73%         4
 Blade Hands              Tmut           5%         N/A       85%         5
 Iron Shot                Conj/Erth      0%         9d1       100%        6
 Animate Armour           Summ/Erth      Unusable   N/A       N/A         4

Dungeon Overview and Level Annotations

Branches:
Dungeon (1/15)

Altars:


Innate Abilities, Weirdness & Mutations

You have temporarily grown beastly horns and talons.
Your plain brown scales are hard. (AC +5)
You cannot fit into any form of body armour.
You are cold-blooded and may be slowed by cold attacks.


Message History

This spell is extremely dangerous to cast!
Memorise Spider Form, consuming 3 spell levels and leaving 2?
You start memorising the spell.
You continue memorising.
Your horns disappear.
Your talons disappear.
You continue memorising. x2
You finish memorising.
Spell assigned to 'b'.
You see here a hobgoblin corpse.
c - a scroll labelled SEIGEN DYTOKK A rat comes into view.
A rat is nearby!
A rat is nearby!
As you read the scroll labelled DIUTOR QAEQUCK, it crumbles to dust.
You feel strangely unstable.
It was a scroll of teleportation.
As you read the scroll labelled VYUHAUDWISOSS, it crumbles to dust.
It is a scroll of amnesia.
Really abort (and waste the scroll)?
Okay, then.
As you read the scroll labelled SEIGEN DYTOKK, it crumbles to dust.
The creatures around you are filled with an inner flame!
It was a scroll of immolation.
Your surroundings suddenly seem different.
Unknown command.
You start waiting.
A rat is nearby!
A rat is nearby!
A rat is nearby!
Casting: Beastly Appendage (safe; 6% risk of failure)
Confirm with . or Enter, or press ? or * to list all spells.
You grow a pair of large bovine horns.
Your feet morph into talons.
A rat is nearby!
You barely miss the rat. The rat closely misses you.
You closely miss the rat. The rat barely misses you.
A rat is nearby!
You hit the rat.
The rat explodes!
The fiery explosion engulfs you!
Ouch! That really hurt!
You are engulfed in blazing flames.
Ouch! That really hurt!
You die...

......r....÷..........†.
#######.#.#.########....
#.#.#.### #....
#.#.....# #....
#.#...#.# #....
#######.#...#.# #....
#.....§§§.#.#.# #####
#.....§....>#.#
#....)§@§####.#######
#...................#
#........###........#
#........# #.†......#
#........# #........#
#........# #........#
#........# #........#
#........# #........#
#........# #........#


There were no monsters in sight!

Vanquished Creatures
  A dart slug (D:1)
  A ball python (D:1)
  4 bats (D:1)
  An endoplasm (D:1)
  A goblin (D:1)
  3 hobgoblins (D:1)
  4 jackals (D:1)
  2 kobolds (D:1)
  A quokka (D:1)
  2 frilled lizards (D:1)
  2 rats (D:1)
22 creatures vanquished.

Notes
Turn   | Place    | Note
-------+----------+-------------------------------------------
     0 | D:1      | kae the Draconian Transmuter began the quest for the Orb.
     0 | D:1      | Reached XP level 1. HP: 16/16 MP: 3/3
   296 | D:1      | Reached XP level 2. HP: 23/23 MP: 5/5
   623 | D:1      | Reached XP level 3. HP: 24/28 MP: 4/6
   627 | D:1      | Learned a level 3 spell: Spider Form
   705 | D:1      | Engulfed by a cloud of flame

Illustrated notes

Levels and vault maps discovered:
D:1:      amcnicky_arrival_double_pillar, layout_basic, patterned_corridor

Skill      XL: |  1  2 |
---------------+-------+-----
Transmutations | 3 |  3.1
Fighting       | |  1.1
Dodging        | |  1.7
Unarmed Combat | |  3.0
Spellcasting   | |  2.4

Action                   || total
-------------------------++-------
Melee: Unarmed           ||    56
       Kick              ||    10
       Tailslap          ||     9
       Headbutt          ||     4
       Punch             ||     1
 Cast: Beastly Appendage ||     7
  Use: Scroll            ||     3
Armor: Skin              ||    18
Dodge: Dodged            ||    44

Table legend: (Time is in decaauts)
 A = Elapsed time spent in this place.
 B = Non-inter-level travel time spent in this place.
 C = Inter-level travel time spent in this place.
 D = Time resting spent in this place.
 E = Time spent auto-exploring this place.
 F = Levels seen in this place.
 G = Mean time per level.
                   A        B        C        D        E       F      G
               +--------+--------+--------+--------+--------+-----+--------+
         Total |    701 |    701 |      0 |      7 |    572 |   1 |  701.0 |
       Dungeon |    701 |    701 |      0 |      7 |    572 |   1 |  701.0 |
               +--------+--------+--------+--------+--------+-----+--------+

Top non-repeatable levels by time:
     D:1: 701 daAuts
